 Dungeon Crawl Stone Soup version 0.18.1-50-g88ac8fd (webtiles) character file.

55 Nordron the Changer (level 3, -3/31 HPs)
             Began as a Naga Transmuter on Sept 30, 2016.
             Slain by a gnoll
             ... wielding a +0 halberd
              (11 damage)
             ... on level 2 of the Dungeon.
             The game lasted 00:05:28 (1824 turns).

Nordron the Changer (Naga Transmuter)               Turns: 1824, Time: 00:05:30

Health: -3/31      AC:  3    Str: 12    XL:     3   Next: 93%
Magic:  5/6        EV:  9    Int: 13    God:
Gold:   22         SH:  3    Dex: 12    Spells: 1 memorised, 5 levels left

rFire  . . .     SeeInvis +     q - +0 dagger (elec)
rCold  . . .     Gourm    .     b - +0 robe
rNeg   . . .     Faith    .     o - +0 buckler
rPois  +         Spirit   .     (no helmet)
rElec  .         Dismiss  .     r - +0 cloak
rCorr  .         Reflect  .     (no gloves)
SustAt .         Harm     .     (no barding)
MR     .....                    (no amulet)
Stlth  +.........               (no ring)
                                (no ring)

@: short of breath, appendage, very slow, not resistant to hostile enchantments,
very unstealthy
A: horns 2, see invisible, deformed body, poison resistance, slowness 2, slow
metabolism 1, spit poison 2, AC +1
a: Spit Poison, End Transformation


You were on level 2 of the Dungeon.
You were hungry.
You had grown temporary horns.
You visited 1 branch of the dungeon, and saw 2 of its levels.

You collected 22 gold pieces.

Inventory:

Hand Weapons
 q - a +0 dagger of electrocution (weapon)
Missiles
 a - 34 arrows
Armour
 b - a +0 robe (worn)
 o - a +0 buckler (worn)
 r - a +0 cloak (worn)
Jewellery
 l - an uncursed ring of ice
Scrolls
 f - 2 scrolls of identify {unknown}
 i - a scroll of remove curse {unknown}
 j - a scroll of teleportation {unknown}
 k - a scroll of magic mapping {unknown}
 n - a scroll of immolation {unknown}
Potions
 e - 2 potions of ambrosia {unknown}
 g - a potion of flight {unknown}
 h - a potion of invisibility {unknown}
 m - a potion of brilliance {unknown}
Books
 c - a book of Changes

   Spells                             Type                      Level
   a - Beastly Appendage              Transmutation                1
   b - Sticks to Snakes               Transmutation                2
   c - Spider Form                    Transmutation/Poison         3
   d - Ice Form                       Ice/Transmutation            4
   e - Blade Hands                    Transmutation                5
Comestibles
 d - a bread ration
 p - 8 chunks of flesh


   Skills:
 - Level 1.0 Fighting
 - Level 1.5 Dodging
 + Level 0.5 Shields
 - Level 3.0 Unarmed Combat
 - Level 2.0 Spellcasting
 * Level 3.9 Transmutations


You had 5 spell levels left.
You knew the following spells:

 Your Spells              Type           Power        Failure   Level  Hunger
a - Beastly Appendage     Trmt           ##....       10%         1    ##.....


Dungeon Overview and Level Annotations

Branches:
Dungeon (2/15)

Altars:
Sif Muna


Innate Abilities, Weirdness & Mutations

You cannot wear boots.
Your serpentine skin is tough (AC +1).
You have supernaturally acute eyesight.
Armour fits poorly on your strangely shaped body.
Your system is resistant to poisons.
You cover ground very slowly.
You have a slow metabolism.
You can spit poison.
You have a pair of horns on your head.


Message History

The gnoll hits you from afar with a spear.
You closely miss the giant newt. The giant newt closely misses you.
The gnoll hits you from afar with a spear.
You hit the giant newt.
There is a sudden explosion of sparks!
You kill the giant newt!
The gnoll closely misses you.
Press: ? - help, Shift-Dir - straight line, f - gnoll
Aim: a gnoll, wielding a halberd The splash of poison hits the gnoll.
The gnoll is severely wounded.
You feel slightly more hungry.
The gnoll throws a throwing net.
The throwing net barely misses you.
The gnoll hits you from afar with a spear.
You hit the adder. Your headbutt misses the adder.
The adder is moderately wounded.
The adder barely misses you. x2
The gnoll hits you from afar with a spear!
* * * LOW HITPOINT WARNING * * *
The gnoll hits you from afar with a halberd!
You die...

#<....... #..#.....##.......
#.......? ###..(....###.......
......[.###.......#.###.......
..?......#.......#.._..#.......
#....g..............#.#.#..)####
#.......... ###....#....#...#...
........... ##..(###..##...#..#
............ ##...##
##......#.#ยง .. ##..@.#
#.##...#..# #..##.g#S##
#..#...#... #.....#g.#
##.##.####' >.###(..# #.##.###..
# #..## #.##..##)# #..#
#.###.(..# .... #.###....#
...... #........# ........
####.....#


You could see 2 gnolls and an adder.

Vanquished Creatures
  2 gnolls (D:2)
  2 worms (D:2)
  A dart slug (D:1)
  A giant cockroach (D:1)
  3 goblins
  4 hobgoblins
  3 jackals (D:2)
  A quokka (D:2)
  A ball python (D:2)
  4 bats
  2 giant newts
  4 kobolds (D:1)
  A rat (D:1)
29 creatures vanquished.

Notes
Turn   | Place    | Note
--------------------------------------------------------------
     0 | D:1      | Nordron the Naga Transmuter began the quest for the Orb.
     0 | D:1      | Reached XP level 1. HP: 18/18 MP: 3/3
   386 | D:1      | Reached XP level 2. HP: 23/25 MP: 3/5
  1681 | D:2      | Reached XP level 3. HP: 31/31 MP: 4/6
  1693 | D:2      | Found a deep blue altar of Sif Muna.
  1824 | D:2      | Slain by a gnoll

Skill      XL: |  1  2 |
---------------+-------+-----
Transmutations | 3 |  3.9
Fighting       | |  1.0
Dodging        | |  1.5
Shields        | |  0.5
Unarmed Combat | |  3.0
Spellcasting   | |  2.0

Action                   || total
-------------------------++-------
Melee: Unarmed           ||    78
       Headbutt          ||     8
       Dagger            ||     5
 Cast: Beastly Appendage ||    21
 Abil: Spit Poison       ||    25
  Eat: Chunk             ||     3
Armor: Robe              ||    17
Dodge: Dodged            ||    57
